[Event "*** Titled Tuesday Blitz"]
[Site "Chess.com"]
[Date "2020.10.27"]
[Round "2"]
[White "Kaslask"]
[Black "bangchess21"]
[Result "0-1"]
[WhiteElo "2361"]
[BlackElo "2704"]
[TimeControl "180+1"]
[EndTime "10:16:39 PDT"]
[Termination "bangchess21 won by resignation"]

1. d4 Nf6 2. c4 e6 3. Nf3 Bb4+ 4.
Bd2 a5 5. g3 Qe7 6. Bg2 d6 7.
O-O e5 8. Bc3 e4 9. Ng5 h6 10.
Nh3 O-O 11. a3 Bxc3 12. Nxc3 Bf5 13. Nf4 c6 14. e3 g5 15. Nfe2 Bg4 16. h3 Be6 17.
Kh2 Bxc4 18. b3 Be6 19. Nxe4 Nxe4 20. Bxe4 Bxh3 21. Qc2 Bxf1 22. Rxf1 Nd7 23. Kg2 Nf6 24. Bf5 Kg7 25. g4 Rh8 26. Ng3 h5 27. Bd3 Qe6 28. Bf5 Qd5+ 29. e4 Qxd4 30. Re1 h4 31. Ne2 h3+ 32. Kh1 Qe5 33. Ng3 Rae8 34. Rd1 d5 35.
Qd2 Qf4 36. Qd4 Qf3+ 0-1

[Event "*** Titled Tuesday Blitz"]
[Site "Chess.com"]
[Date "2020.10.27"]
[Round "2"]
[White "annamaja"]
[Black "Corre_por_tu_vida"]
[Result "0-1"]
[WhiteElo "2299"]
[BlackElo "2535"]
[TimeControl "180+1"]
[EndTime "10:16:40 PDT"]
[Termination "Corre_por_tu_vida won on time"]

1. e4 c5 2. Nf3 Nc6 3. d4 cxd4 4.
Nxd4 Nf6 5. Nc3 e5 6. Ndb5 d6 7. Bg5 a6 8. Na3 b5 9. Nd5 Be7 10. Bxf6 Bxf6 11. c3 Bg5 12. Nc2 Ne7 13. h4 Bh6 14.
Nxe7 Qxe7 15. a4 bxa4 16. Rxa4 O-O 17. Nb4 a5 18. Nd5 Qb7 19. b4 axb4 20. Rxb4 Qa7 21.
Bb5 Be6 22. O-O Qc5 23. Bc6 Rab8 24. Qd3 Kh8 25. Rc4 Qa3 26. Ra4 Qb2 27. Nb4 Bd2 28. Rd1 Bxc3 29. Nc2 Bb3 30. Rc1 Bxa4 0-1

[Event "*** Titled Tuesday Blitz"]
[Site "Chess.com"]
[Date "2020.10.27"]
[Round "2"]
[White "Bigfish1995"]
[Black "verdest"]
[Result "1-0"]
[WhiteElo "3021"]
[BlackElo "2634"]
[TimeControl "180+1"]
[EndTime "10:16:41 PDT"]
[Termination "Bigfish1995 won by resignation"]

1. e4 c5 2. Nf3 Nc6 3. Bb5 Nf6 4. Bxc6 dxc6 5. Nc3 Bg4 6. h3 Bh5 7. g4 Bg6 8. d3 e6 9. Ne5 Nd7 10. Nxg6 hxg6 11.
Be3 Be7 12. Qe2 Qb6 13. O-O-O O-O-O 14. f4 Qa6 15. Kb1 Nb6 16. b3 Bf6 17. e5 Be7 18.
Ne4 Qa5 19. c4 f5 20. exf6 gxf6 21. Bd2 Qa3 22. Bc1 Qb4 23. Bb2 Rd4 24. Bc3 Qa3 25. Bxd4 cxd4 26. Nd2 Bb4 27. Qxe6+ Kb8 28. Ne4 Rd8 29.
Qxf6 Re8 30. Qxd4 1-0

[Event "*** Titled Tuesday Blitz"]
[Site "Chess.com"]
[Date "2020.10.27"]
[Round "2"]
[White "katchesskat"]
[Black "MattyDPerrine"]
[Result "0-1"]
[WhiteElo "2237"]
[BlackElo "2459"]
[TimeControl "180+1"]
[EndTime "10:16:41 PDT"]
[Termination "MattyDPerrine won on time"]

1. c4 Nf6 2. e3 c5 3. a3 d5 4. Qc2 d4 5. d3 Nc6 6. e4 g6 7.
Ne2 e5 8. Ng3 h5 9. Bg5 Bh6 10.
Bxf6 Qxf6 11. Be2 h4 12. Nf1 h3 13. g3 Bd7 14. Nfd2 Qd6 15. Qd1 f5 16. exf5 gxf5 17.
Bf3 O-O-O 18. O-O Rde8 19. b4 b6 20. bxc5 bxc5 21. Re1 Nd8 22. a4 Ne6 23. a5 Ng5 24. Bd5 Bc6 25. Qb3 e4 26. Na3 Re7 27. Nb5 Qf6 28.
Bxc6 Qxc6 29. Nxa7+ Rxa7 30. Rab1 Rb7 31. Qa3 e3 0-1

[Event "*** Titled Tuesday Blitz"]
[Site "Chess.com"]
[Date "2020.10.27"]
[Round "2"]
[White "Shahinyan_ChessMood"]
[Black "vanyakuba"]
[Result "1-0"]
[WhiteElo "2751"]
[BlackElo "2501"]
[TimeControl "180+1"]
[EndTime "10:16:42 PDT"]
[Termination "Shahinyan_ChessMood won by resignation"]

1. e4 d5 2. exd5 Qxd5 3. Nf3 Nf6 4. d4 Bg4 5. Be2 Nc6 6. h3 Bh5 7. c4 Qd6 8. O-O e6 9. Be3 O-O-O 10. Nbd2 Be7 11. Rb1 Bg6 12. Rc1 Nb4 13. c5 Qd5 14.
Qa4 Nc6 15. b4 Ne4 16. b5 Nb8 17. Nxe4 Bxe4 18. Qxa7 f6 19. c6 bxc6 20. bxc6 Nxc6 21. Rxc6 Qxc6 22. Rc1 Qa8 1-0

[Event "*** Titled Tuesday Blitz"]
[Site "Chess.com"]
[Date "2020.10.27"]
[Round "2"]
[White "kamilianin235"]
[Black "chessdjw"]
[Result "0-1"]
[WhiteElo "2127"]
[BlackElo "2650"]
[TimeControl "180+1"]
[EndTime "10:16:42 PDT"]
[Termination "chessdjw won by resignation"]

1. e4 c5 2. Nf3 d6 3. d4 cxd4 4. Nxd4 Nf6 5. Nc3 a6 6. Bc4 e6 7. O-O Be7 8. f4 O-O 9. f5 b5 10. Bb3 b4 11. Nce2 e5 12. Nf3 Bb7 13. Bd5 Nxd5 14.
exd5 Nd7 15. c4 bxc3 16. Nxc3 Nf6 17. Be3 Ng4 18. Qd2 Nxe3 19. Qxe3 Rb8 20. Rac1 Bc8 21.
b3 Bxf5 22. Nxe5 Bg5 23. Qf2 dxe5 24. Qxf5 Bxc1 25. Rxc1 Qb6+ 26. Kh1 Qe3 27. Qc2 Rbc8 28. d6 Rfd8 29. d7 Rxd7 0-1

[Event "*** Titled Tuesday Blitz"]
[Site "Chess.com"]
[Date "2020.10.27"]
[Round "2"]
[White "dropstoneDP"]
[Black "albi1999"]
[Result "1-0"]
[WhiteElo "2966"]
[BlackElo "2612"]
[TimeControl "180+1"]
[EndTime "10:16:45 PDT"]
[Termination "dropstoneDP won by resignation"]

1. c4 e5 2. Nc3 Bb4 3. g3 Bxc3 4. dxc3 d6 5. e4 Nc6 6. Qc2 Nge7 7. Bd3 Be6 8. f4 f6 9. Nf3 a5 10. a4 Qd7 11. f5 Bf7 12. g4 g6 13. Be3 gxf5 14.
gxf5 Bh5 15. Be2 O-O-O 16. O-O-O Rdg8 17. Rhg1 Qe8 18. c5 dxc5 19. Bxc5 b6 20. Ba3 Nd8 21. Qd3 Nec6 22. Qa6+ Kb8 23. Kb1 Rxg1 24. Rxg1 Rg8 25. Rg3 Rxg3 26. hxg3 Qg8 27. Nxe5 Nxe5 28. Bxh5 Qb3 29.
Qb5 Qd1+ 30. Bxd1 1-0

[Event "*** Titled Tuesday Blitz"]
[Site "Chess.com"]
[Date "2020.10.27"]
[Round "2"]
[White "GelmanAlexander"]
[Black "nubair1198"]
[Result "1-0"]
[WhiteElo "2578"]
[BlackElo "2838"]
[TimeControl "180+1"]
[EndTime "10:16:48 PDT"]
[Termination "GelmanAlexander won by resignation"]

1. d4 d5 2. Nc3 Nf6 3. Bf4 g6 4. e3 Bg7 5. h4 h5 6. Nf3 O-O 7. Ne5 Nbd7 8. f3 c5 9. Qd2 e6 10. O-O-O Nxe5 11. Bxe5 c4 12. g4 hxg4 13. h5 Nxh5 14.
fxg4 Bxe5 15. dxe5 Ng3 16. Rh3 Nxf1 17. Rxf1 Qg5 18.
Qh2 f5 19. gxf5 exf5 20. Rg1 Qxg1+ 21. Qxg1 Kg7 22. Qg5 Be6 23. Qe7+ Bf7 1-0

[Event "*** Titled Tuesday Blitz"]
[Site "Chess.com"]
[Date "2020.10.27"]
[Round "2"]
[White "SantoBlue"]
[Black "Chesstrainer1"]
[Result "1-0"]
[WhiteElo "2830"]
[BlackElo "2364"]
[TimeControl "180+1"]
[EndTime "10:16:48 PDT"]
[Termination "SantoBlue won on time"]

1. e4 c5 2. Nf3 e6 3. d4 cxd4 4. Nxd4 Nf6 5. Nc3 Nc6 6. Ndb5 Bc5 7. Nd6+ Ke7 8. Bf4 e5 9. Nf5+ Kf8 10. Bg5 d6 11.
Ne3 h6 12. Bxf6 Qxf6 13. Ncd5 Qd8 14. Be2 g6 15. O-O Kg7 16. c3 a6 17. Bg4 Be6 18.
h3 h5 19. Be2 f5 20. exf5 gxf5 21. b4 Ba7 22. Bc4 f4 23. Nc2 Qg5 24. Qf3 Rae8 25. Rae1 e4 26. Qd1 Bxh3 27. Nxf4 1-0

[Event "*** Titled Tuesday Blitz"]
[Site "Chess.com"]
[Date "2020.10.27"]
[Round "2"]
[White "ajgreen"]
[Black "Kazakov_Konstantin"]
[Result "0-1"]
[WhiteElo "2348"]
[BlackElo "2695"]
[TimeControl "180+1"]
[EndTime "10:16:48 PDT"]
[Termination "Kazakov_Konstantin won by resignation"]

1. e4 d5 2. exd5 Qxd5 3. Nc3 Qd6 4. Nf3 Nf6 5. Bc4 c6 6. d3 Bg4 7. h3 Bh5 8. Qe2 Nbd7 9. g4 Bg6 10. Nh4 e6 11. f4 O-O-O 12. Bd2 Nb6 13. Bb3 Be7 14. O-O-O Nfd5 15. Nxg6 hxg6 16. Qf3 Nxc3 17. Bxc3 Bf6 18. d4 Nd5 19. Bd2 Bxd4 20. f5 gxf5 21. gxf5 e5 22. c3 Bb6 23. c4 Nf6 24. Qg2 Rh7 25. Bh6 Qf8 26. Rxd8+ Qxd8 27. Bxg7 Qg8 28. c5 Rxg7 29. Qc2 Bc7 0-1

[Event "*** Titled Tuesday Blitz"]
[Site "Chess.com"]
[Date "2020.10.27"]
[Round "2"]
[White "topotun"]
[Black "TheCavemanChesss"]
[Result "1-0"]
[WhiteElo "2775"]
[BlackElo "2512"]
[TimeControl "180+1"]
[EndTime "10:16:50 PDT"]
[Termination "topotun won by checkmate"]

1. e4 e5 2. Nf3 Nc6 3. Bb5 Nf6 4. d3 Bc5 5. Nbd2 O-O 6. O-O Re8 7. c3 a6 8. Ba4 b5 9. Bb3 d5 10. exd5 Nxd5 11.
Ne4 Bb6 12. Bg5 Qd7 13. a3 Bb7 14. Re1 Na5 15. Ba2 c5 16. b4 cxb4 17. axb4 Nc6 18. Qd2 Rac8 19. Bxd5 Qxd5 20. Nf6+ gxf6 21. Bxf6 Ne7 22.
Qg5+ Ng6 23. Qh6 Bc5 24. Qg7# 1-0

[Event "*** Titled Tuesday Blitz"]
[Site "Chess.com"]
[Date "2020.10.27"]
[Round "2"]
[White "PlotnikovPavel"]
[Black "Sankalp_Gupta2003"]
[Result "0-1"]
[WhiteElo "2373"]
[BlackElo "2708"]
[TimeControl "180+1"]
[EndTime "10:16:51 PDT"]
[Termination "Sankalp_Gupta2003 won on time"]

1. e4 c6 2. d4 d5 3. exd5 cxd5 4. Bd3 Nc6 5. c3 Qc7 6. Ne2 Nf6 7. O-O e6 8. Bf4 Bd6 9. Bxd6 Qxd6 10. Nd2 O-O 11. Ng3 e5 12. dxe5 Nxe5 13. Nf3 Bg4 14. Be2 Bxf3 15.
Bxf3 Rad8 16. Nf5 Qb6 17. Rb1 Rfe8 18. Nd4 Nc6 19. g3 Nxd4 20. Qxd4 Qxd4 21. cxd4 Ne4 22. Rfd1 Rc8 23. Rbc1 f5 24. Bg2 Kf7 25. Kf1 Ke6 26.
Kg1 Kd6 27. f3 Ng5 28. Kf2 Rxc1 29. Rxc1 Ne6 30. f4 b6 31. Re1 Rc8 32. Re5 Rc2+ 33. Kg1 Rc1+ 34. Kf2 Rc2+ 35. Kg1 Nc7 36. Rxf5 Rxb2 37.
Rh5 h6 38. Rf5 Rxa2 39. Rf7 b5 40. Rxg7 b4 41. Rxc7 Kxc7 42. Bxd5 Ra3 43. g4 b3 44. Bxb3 Rxb3 45. Kg2 a5 46. h4 a4 47. g5 hxg5 48. fxg5 a3 49. g6 a2 50. g7 Rb8 0-1

[Event "*** Titled Tuesday Blitz"]
[Site "Chess.com"]
[Date "2020.10.27"]
[Round "2"]
[White "UCantHandleDenker"]
[Black "Alexsur1981"]
[Result "0-1"]
[WhiteElo "2507"]
[BlackElo "2759"]
[TimeControl "180+1"]
[EndTime "10:16:52 PDT"]
[Termination "Alexsur1981 won by resignation"]

1. Nf3 d5 2. g3 c6 3. Bg2 Bg4 4. O-O Nd7 5. d3 Ngf6 6. Nbd2 e5 7. h3 Bh5 8. e4 dxe4 9. dxe4 Bc5 10. Qe1 b5 11. a4 a6 12. Nb3 Bb6 13. Nh4 O-O 14. Kh1 Re8 15. Nf5 Qc7 16. Bg5 h6 17. Bd2 Bg6 18. Nh4 Bh7 19. Qe2 Nf8 20. a5 Ba7 21. Nf5 Ne6 22. c3 Rad8 23. Rad1 c5 24. Be3 c4 25.
Bxa7 Qxa7 26. Nd2 Nc5 27. Qe3 Qc7 28. Nf3 Nfxe4 29. N3h4 Nf6 30. Nxh6+ gxh6 31. Qxh6 Qe7 32. Rxd8 Rxd8 33. f4 e4 34. f5 Rd6 35. Qg5+ Kh8 36.
Rf4 Ng8 37. f6 Rxf6 38. Qxc5 Qxc5 0-1

[Event "*** Titled Tuesday Blitz"]
[Site "Chess.com"]
[Date "2020.10.27"]
[Round "2"]
[White "TomasKapitanchuk"]
[Black "Morshynska"]
[Result "1-0"]
[WhiteElo "2444"]
[BlackElo "2208"]
[TimeControl "180+1"]
[EndTime "10:16:55 PDT"]
[Termination "TomasKapitanchuk won on time"]

1. e4 e5 2. Nf3 Nc6 3. Bc4 Nf6 4. d3 Be7 5. O-O O-O 6. Re1 d6 7. a4 Be6 8. Nbd2 Bxc4 9. dxc4 a5 10. Nf1 Nd7 11. Ne3 g6 12. Nd5 f5 13. Bh6 Rf7 14.
Nxe7+ Nxe7 15. Ng5 Rf6 16. Nh3 Rf7 17. exf5 gxf5 18.
f4 Ra6 19. Re3 d5 20. Rg3+ Kh8 21. Qh5 Ng6 22. cxd5 e4 23. Ng5 Qe7 24. Nxf7+ Qxf7 25. Rg5 Qxd5 26. Rd1 Qc5+ 27. Kh1 Qf2 28. Rxf5 1-0

[Event "*** Titled Tuesday Blitz"]
[Site "Chess.com"]
[Date "2020.10.27"]
[Round "2"]
[White "deep306"]
[Black "vugarrasulov"]
[Result "1-0"]
[WhiteElo "2600"]
[BlackElo "2853"]
[TimeControl "180+1"]
[EndTime "10:16:56 PDT"]
[Termination "deep306 won by resignation"]

1. e4 c5 2. Nf3 d6 3. c3 Nf6 4.
h3 Bd7 5. Bd3 Bc6 6. Qe2 g6 7.
Bc2 Bg7 8. d4 O-O 9. d5 Bd7 10.
c4 b5 11. cxb5 a6 12. bxa6 Bc8 13. Nc3 Nxa6 14. Bd3 Nb4 15. Bc4 Nd7 16. O-O Nb6 17. Bb5 c4 18. Be3 Ba6 19. Bd4 e5 20. dxe6 fxe6 21. Bxg7 Kxg7 22. a3 Nd3 23. Nd4 Qf6 24. Qe3 e5 25. Nde2 d5 26. exd5 Bxb5 27. Nxb5 Nxd5 28.
Qe4 Nb6 29. Nec3 Rad8 30. Rad1 Nxb2 31. Rxd8 Rxd8 32. Nc7 Rd7 33. Ne8+ 1-0

[Event "*** Titled Tuesday Blitz"]
[Site "Chess.com"]
[Date "2020.10.27"]
[Round "2"]
[White "Andreikka"]
[Black "korbul"]
[Result "1-0"]
[WhiteElo "2918"]
[BlackElo "2599"]
[TimeControl "180+1"]
[EndTime "10:16:57 PDT"]
[Termination "Andreikka won by resignation"]

1. e4 c5 2. Nf3 e6 3. d4 cxd4 4. Nxd4 Nf6 5. Nc3 d6 6. g4 a6 7. g5 Nfd7 8. h4 b5 9. a3 Bb7 10. Be3 Nc6 11. Nb3 Rc8 12. f4 Nc5 13. Bg2 Nxb3 14. cxb3 Na5 15. O-O Be7 16. f5 O-O 17. Qg4 exf5 18. exf5 Re8 19. Rad1 Bf8 20. Bxb7 Nxb7 21.
Nd5 Nc5 22. g6 fxg6 23. fxg6 hxg6 24. Qxg6 Qxh4 25. Nf6+ Kh8 26. Nxe8 Rxe8 27. Bxc5 dxc5 28. Rd2 Kg8 1-0

[Event "*** Titled Tuesday Blitz"]
[Site "Chess.com"]
[Date "2020.10.27"]
[Round "2"]
[White "kuli4ik"]
[Black "Kurai"]
[Result "1-0"]
[WhiteElo "2885"]
[BlackElo "2582"]
[TimeControl "180+1"]
[EndTime "10:16:57 PDT"]
[Termination "kuli4ik won by resignation"]

1. d4 d5 2. Nf3 Nf6 3. Bf4 e6 4. e3 Bd6 5. Bg3 O-O 6. Bd3 b6 7.
Qe2 c5 8. c3 Nc6 9. Nbd2 Bb7 10. Ne5 Qc7 11. f4 Ne7 12. Qf3 Ng6 13. O-O a6 14. h4 b5 15. h5 Ne7 16. Bh4 Nf5 17. Bxf5 exf5 18. h6 Ne4 19. hxg7 Rfe8 20. Nxe4 dxe4 21.
Qh5 cxd4 22. cxd4 Bxe5 23. fxe5 Re6 24. Rac1 Rc6 25. Rxc6 Qxc6 26. Bf6 Qc2 27. Kh2 Qd2 28. Rf4 Qxe3 29. Rh4 h6 30. Qxh6 Qxh6 31. Rxh6 1-0

[Event "*** Titled Tuesday Blitz"]
[Site "Chess.com"]
[Date "2020.10.27"]
[Round "2"]
[White "avantage_ru"]
[Black "MatyChess1"]
[Result "1-0"]
[WhiteElo "2837"]
[BlackElo "2548"]
[TimeControl "180+1"]
[EndTime "10:16:58 PDT"]
[Termination "avantage_ru won on time"]

1. b3 d5 2. Bb2 Bg4 3. h3 Bh5 4. g3 c6 5. Bg2 Nd7 6. Nf3 Bxf3 7. Bxf3 e5 8. O-O Bd6 9. d3 Ne7 10. c4 O-O 11. Bg2 f5 12. cxd5 cxd5 13. Nc3 Nf6 14. e4 fxe4 15. dxe4 d4 16. Nd5 Rc8 17. Qd3 Qa5 18.
Nxe7+ Bxe7 19. f4 Bd6 20. Kh1 Nh5 21. f5 Ba3 22. b4 Bxb4 23. Rab1 Bc3 24. Bc1 b6 25. g4 Nf4 26. Bxf4 exf4 27. Rb5 Qxa2 28. e5 Rfd8 29. f6 Rc5 30. Rxf4 Qd2 31. Qf5 Rxb5 32. Qe6+ Kh8 33. fxg7+ Kxg7 34. Rf7+ Kg8 35. Re7+ Kh8 36.
Qf6+ 1-0

[Event "*** Titled Tuesday Blitz"]
[Site "Chess.com"]
[Date "2020.10.27"]
[Round "2"]
[White "sjam6687"]
[Black "svilson23"]
[Result "0-1"]
[WhiteElo "2692"]
[BlackElo "2389"]
[TimeControl "180+1"]
[EndTime "10:16:58 PDT"]
[Termination "svilson23 won by resignation"]

1. d4 d5 2. c4 e6 3. Nc3 f5 4. cxd5 exd5 5. g3 Nf6 6. Bg2 c6 7. Nf3 Bd6 8. Bg5 O-O 9. Ne5 Nbd7 10. f4 Qb6 11. Rb1 Ne4 12. Nxe4 fxe4 13. O-O Nxe5 14. fxe5 Rxf1+ 15. Bxf1 Bxe5 16. e3 Bd6 17. Qh5 Bf5 18.
Be2 Bg6 19. Qh3 Qc7 20. Rf1 Rf8 21. Rxf8+ Bxf8 22. Bg4 Qa5 23. Be6+ Kh8 24. Qf1 Bd6 25. a3 h6 26. Bf4 Bxf4 27. Qxf4 Qd8 28. h4 Kh7 29.
Kg2 Qf6 30. Qxf6 gxf6 31. Bc8 b6 32. Bd7 c5 33. Be6 cxd4 34. exd4 Kg7 35. Bxd5 f5 36. Kf2 Bf7 37. Ke3 Bxd5 0-1

[Event "*** Titled Tuesday Blitz"]
[Site "Chess.com"]
[Date "2020.10.27"]
[Round "2"]
[White "KacperPolOK"]
[Black "pedro_nascimento85"]
[Result "1-0"]
[WhiteElo "2404"]
[BlackElo "2004"]
[TimeControl "180+1"]
[EndTime "10:16:58 PDT"]
[Termination "KacperPolOK won by resignation"]

1. e4 e6 2. d4 d5 3. Nc3 Bb4 4. e5 Ne7 5. a3 Bxc3+ 6. bxc3 c5 7. Qg4 O-O 8. Bd3 f5 9. Qg3 Nbc6 10. Nf3 Qc7 11. Kf1 Qa5 12. Bd2 Qa4 13. h4 c4 14.
Be2 Qxc2 15. h5 Kh8 16. Rc1 Qe4 17. Rh4 f4 18. Rxf4 Rxf4 19. Bxf4 Bd7 20. Bd1 Qf5 21. h6 gxh6 22. Bc2 Qf7 23. Bxh6 Rg8 24. Qh4 Nf5 25. Bxf5 Qxf5 26. Bg5 Rf8 27. Bf6+ Kg8 28. g4 Qg6 29. Kg2 h5 30. Qxh5 Qxh5 31. gxh5 Be8 32.
Rh1 Kh7 33. Ng5+ Kh6 34. Nxe6 Rg8+ 35. Kf3 Bxh5+ 36. Ke3 Kg6 37. Nf4+ Kf7 38. Rxh5 1-0

[Event "*** Titled Tuesday Blitz"]
[Site "Chess.com"]
[Date "2020.10.27"]
[Round "2"]
[White "Roza_Idrisova"]
[Black "babyking1205"]
[Result "0-1"]
[WhiteElo "2217"]
[BlackElo "2664"]
[TimeControl "180+1"]
[EndTime "10:17:00 PDT"]
[Termination "babyking1205 won by checkmate"]

1. d4 Nf6 2. Nf3 c5 3. d5 b5 4. c4 b4 5. a3 bxa3 6. Rxa3 g6 7. Nc3 Bg7 8. h3 O-O 9. e4 d6 10. Bd3 Na6 11. O-O Nb4 12. Bb1 Ba6 13. b3 Nd7 14. Bd2 Rb8 15. Re1 Ne5 16. Nxe5 Bxe5 17. Qc1 Qb6 18. Bh6 Rfc8 19. Be3 Bd4 20. Qd2 Bg7 21.
f4 Re8 22. Bf2 Bc8 23. e5 Bb7 24. e6 f5 25. Kh2 Rf8 26. Be3 a5 27. Na4 Qa6 28.
Rg1 Ba8 29. Bxc5 dxc5 30. Nxc5 Qd6 31. Nd7 Nxd5 32. Rxa5 Qxf4+ 33. Qxf4 Nxf4 34. Nxb8 Rxb8 35. Bc2 Bc3 36. Ra2 Be5 37. g3 Ne2 38. Re1 Bxg3# 0-1

[Event "*** Titled Tuesday Blitz"]
[Site "Chess.com"]
[Date "2020.10.27"]
[Round "2"]
[White "Triumphmate"]
[Black "MoreChessJulia"]
[Result "1-0"]
[WhiteElo "2407"]
[BlackElo "2014"]
[TimeControl "180+1"]
[EndTime "10:17:01 PDT"]
[Termination "Triumphmate won by checkmate"]

1. e4 g6 2. Nf3 Bg7 3. d4 c5 4.
dxc5 Qa5+ 5. Nc3 Bxc3+ 6. bxc3 Qxc3+ 7. Bd2 Qxc5 8. Bd3 Nf6 9. O-O Nc6 10. Rb1 a6 11. Qe2 O-O 12. h3 d6 13. Be3 Qh5 14. a4 Bxh3 15. gxh3 Qxh3 16. Ng5 Qh4 17. f3 h6 18. Qg2 hxg5 19. Bxg5 Qh5 20. Kf2 Ne5 21.
Be3 Nxd3+ 22. cxd3 Rfc8 23. Rb2 Rc3 24. Rh1 Qe5 25.
f4 Qa5 26. Qh3 Kf8 27. Bd2 Nxe4+ 28. Ke2 Nf6 29. Qh8+ Ng8 30. Bxc3 Qxa4 31. Qxg8+ Kxg8 32. Rh8# 1-0

[Event "*** Titled Tuesday Blitz"]
[Site "Chess.com"]
[Date "2020.10.27"]
[Round "2"]
[White "Iskusnyh"]
[Black "Jumbo"]
[Result "0-1"]
[WhiteElo "2556"]
[BlackElo "2849"]
[TimeControl "180+1"]
[EndTime "10:17:03 PDT"]
[Termination "Jumbo won by resignation"]

1. d4 d5 2. c4 e6 3. Nf3 Nf6 4. g3 a6 5. Bg2 dxc4 6. O-O Nc6 7. Nbd2 Nxd4 8. Nxc4 Bc5 9. Nxd4 Bxd4 10. Bf4 O-O 11. Bxc7 Qxc7 12. Qxd4 Rb8 13. Rac1 Rd8 14. Qb6 Qxb6 15.
Nxb6 Bd7 16. Rfd1 Bb5 17. Bf3 g5 18. h3 h5 19. a4 g4 20. axb5 gxf3 21. exf3 axb5 22. Kg2 Kf8 23. g4 Ke7 24. g5 Ne8 25.
f4 Rxd1 26. Rxd1 Rd8 27. Rc1 Rd2 28. Rc7+ Nxc7 0-1

[Event "*** Titled Tuesday Blitz"]
[Site "Chess.com"]
[Date "2020.10.27"]
[Round "2"]
[White "madmax011"]
[Black "Lady_Nika"]
[Result "0-1"]
[WhiteElo "1831"]
[BlackElo "2385"]
[TimeControl "180+1"]
[EndTime "10:17:03 PDT"]
[Termination "Lady_Nika won by resignation"]

1. d4 d5 2. c4 e6 3. Nf3 f5 4.
Nc3 Nf6 5. cxd5 exd5 6. g3 c6 7. Bg2 Bd6 8. O-O O-O 9. Ne5 Qe8 10. f4 Be6 11. Rb1 Nbd7 12. b4 Bxe5 13. fxe5 Ne4 14. Nxe4 fxe4 15. Ba3 b5 16. Qc2 Rc8 17. Rxf8+ Qxf8 18. Rf1 Qe7 19. Qd2 Nb6 20. Rc1 Nc4 21. Qc3 Qg5 22.
h4 Qg4 23. Rc2 Rf8 24. Bc1 Bf5 25. Bf4 h6 26. Rc1 g5 27. hxg5 hxg5 28. Bd2 Nxd2 29. Qxd2 Qxg3 30. Rf1 Bh3 31. e3 Rxf1+ 32. Kxf1 Qf3+ 33.
Kg1 Bxg2 34. Qxg2 Qxe3+ 35. Kh2 Qf4+ 36. Kg1 e3 37. e6 Kf8 38. Qh3 Ke7 39. Qh7+ Kxe6 40.
Qg8+ Kf5 41. Kg2 Qe4+ 42. Kg3 Qh4+ 43. Kg2 Qf2+ 44. Kh1 Ke4 45. Qg6+ Kxd4 46. Qxg5 e2 47. Qd2+ Ke4 48. Qc2+ Ke5 49. Qc3+ d4 50. Qc5+ Kf4 51. Qf8+ Ke3 52. Qe7+ Kd2 53. Qg5+ Qe3 0-1

[Event "*** Titled Tuesday Blitz"]
[Site "Chess.com"]
[Date "2020.10.27"]
[Round "2"]
[White "doons21"]
[Black "Aleksey_Sorokin"]
[Result "0-1"]
[WhiteElo "2551"]
[BlackElo "2837"]
[TimeControl "180+1"]
[EndTime "10:17:05 PDT"]
[Termination "Aleksey_Sorokin won by resignation"]

1. e4 c6 2. d3 d5 3. Nd2 e5 4.
Ngf3 Bd6 5. g3 Nf6 6. Bg2 O-O 7.
O-O Qc7 8. Re1 Re8 9. h3 a5 10. a4 Nbd7 11. Nh4 dxe4 12. dxe4 Nc5 13. b3 b5 14. Qf3 Ne6 15. Nf5 Bb4 16. c3 Bc5 17.
Nf1 Bb7 18. g4 Rad8 19. g5 Nd7 20. N1g3 Ndf8 21. Nh5 Kh8 22. Bf1 b4 23. cxb4 axb4 24. Bb2 Nd4 25. Qg3 Nfe6 26. Nxd4 Bxd4 27. Rab1 c5 28.
Bc4 Qe7 29. Bxe6 fxe6 30. h4 Rf8 31. Re2 Qf7 32. Qg4 Qf3 33. Qxf3 Rxf3 34. Bxd4 exd4 35.
Rc1 Rc3 36. Rb1 d3 37. Rd2 Bxe4 38. Ng3 Bf3 39. Re1 Rxb3 40. Re3 Bd5 41. Rexd3 Rxd3 42. Rxd3 c4 43. Rd4 b3 44. Ne2 b2 45. Nc3 Rb8 46. Rd1 Rb3 0-1

[Event "*** Titled Tuesday Blitz"]
[Site "Chess.com"]
[Date "2020.10.27"]
[Round "2"]
[White "HouseOfDurin"]
[Black "Ind1anStar"]
[Result "1-0"]
[WhiteElo "2163"]
[BlackElo "2405"]
[TimeControl "180+1"]
[EndTime "10:17:05 PDT"]
[Termination "HouseOfDurin won by checkmate"]

1. d4 d5 2. Bg5 h6 3. Bh4 Bf5 4. e3 Nd7 5. Bd3 Bxd3 6. Qxd3 Ngf6 7. Nd2 c6 8. f4 Qb6 9. Qb3 e6 10. Ngf3 Be7 11. O-O-O Qxb3 12. axb3 a5 13. Kb1 a4 14.
bxa4 Rxa4 15. b3 Ra7 16. Kb2 Ba3+ 17. Kc3 O-O 18. Ne5 Rfa8 19. Nxd7 Nxd7 20. e4 Nb6 21.
Kd3 c5 22. Bf2 c4+ 23. bxc4 Na4 24. Rb1 Nb2+ 25. Ke2 Nxc4 26. Nxc4 dxc4 27. d5 Ra6 28. Rxb7 exd5 29. exd5 Re8+ 30. Kf3 Rd6 31. Ra1 Ra6 32. Bc5 Rea8 33. Rxa3 Rxa3+ 34. Bxa3 Rxa3+ 35. Ke4 Ra2 36. c3 Rd2 37. Rb4 Rxg2 38. Rxc4 Rxh2 39. d6 Kf8 40.
Rc8# 1-0

[Event "*** Titled Tuesday Blitz"]
[Site "Chess.com"]
[Date "2020.10.27"]
[Round "2"]
[White "GregShahade"]
[Black "zmeeed67"]
[Result "1-0"]
[WhiteElo "2656"]
[BlackElo "2346"]
[TimeControl "180+1"]
[EndTime "10:17:06 PDT"]
[Termination "GregShahade won by resignation"]

1. e4 Nc6 2. Nf3 d6 3. d4 Nf6 4. Nc3 Bg4 5. Be3 a6 6. d5 Ne5 7. Be2 Nxf3+ 8. Bxf3 Bxf3 9. Qxf3 g6 10. O-O Bg7 11.
Bd4 O-O 12. Rfe1 Re8 13. e5 dxe5 14. Bxe5 Qd7 15. Rad1 Rad8 16. h3 b5 17. a3 a5 18.
b4 axb4 19. axb4 Ra8 20. Rd3 Ra6 21. Rde3 Rea8 22. g4 h6 23. Qe2 Rb6 24. Bd4 Nxd5 25. Nxd5 Bxd4 26. Nxb6 Bxb6 27. Rxe7 Qc6 28. Re8+ Kh7 29.
Rxa8 Qxa8 30. Qe4 Qd8 31. Qf4 Kg7 32. Kg2 Qd5+ 33. Qe4 Qd7 34. Re2 h5 35. Qe5+ Kh7 36. gxh5 gxh5 37. Qxh5+ Kg7 38. Qg4+ Qxg4+ 39. hxg4 Kg6 40.
Re5 1-0

[Event "*** Titled Tuesday Blitz"]
[Site "Chess.com"]
[Date "2020.10.27"]
[Round "2"]
[White "QuintilianoR"]
[Black "ferdipy"]
[Result "1-0"]
[WhiteElo "2675"]
[BlackElo "2317"]
[TimeControl "180+1"]
[EndTime "10:17:08 PDT"]
[Termination "QuintilianoR won on time"]

1. d4 Nf6 2. c4 e6 3. Nf3 Bb4+ 4. Nbd2 O-O 5. a3 Be7 6. e4 d6 7. Be2 Nbd7 8. O-O e5 9. Qc2 a5 10. b3 Re8 11. d5 Nf8 12. Bb2 Ng6 13. Rfe1 Nf4 14.
Bf1 Bf8 15. c5 g6 16. Nc4 b5 17. Ncxe5 dxe5 18. Bxe5 N6xd5 19. exd5 Nxd5 20. Bxb5 Bd7 21. Bc4 c6 22. Bxd5 cxd5 23. c6 Qc8 24. Rac1 Bf5 25.
Qc3 Bxa3 26. Bh8 Bf8 27. Rxe8 Qxe8 28. Nd4 Bc8 29. Bf6 Bb4 30. Qd3 Ba6 31. Qg3 Rc8 32. h4 h5 33. Qg5 1-0

[Event "*** Titled Tuesday Blitz"]
[Site "Chess.com"]
[Date "2020.10.27"]
[Round "2"]
[White "Sibelephant"]
[Black "FloMaster111"]
[Result "1-0"]
[WhiteElo "3096"]
[BlackElo "2639"]
[TimeControl "180+1"]
[EndTime "10:17:09 PDT"]
[Termination "Sibelephant won by resignation"]

1. Nf3 d5 2. e3 g6 3. c4 c6 4. Qa4 Bg7 5. cxd5 Qxd5 6. Nc3 Qd8 7.
d4 Nf6 8. Be2 O-O 9. O-O Bf5 10.
Rd1 Nbd7 11. Bd2 Nb6 12. Qb3 Ne4 13. Be1 a5 14. Rac1 a4 15. Qb4 Nxc3 16. bxc3 Qc7 17. c4 a3 18. Qb3 Ra7 19. Bb4 Rfa8 20. h3 Ra4 21. Bd3 Be6 22. Ng5 Bc8 23. Bc5 R4a6 24. Bb4 h6 25. Ne4 e5 26. Bd6 Qd7 27. dxe5 Qe6 28.
Nc5 1-0